Map: Frost LE

Players

Fropez

  • Race: Protoss Protoss
  • Spawn Location: 1:00

BullDozer - Winner!

  • Race: Protoss Protoss
  • League: Silver
  • Spawn Location: 7:00

VOD

Have the link to the VOD?

Description

Time

  • Played on: June 20, 2016, 11:41 a.m.
  • Length: 6:32
Show
View Real Time Build Order
Export as new Build Order

Fropez Protoss 

Build Orders: 1 Gate Expand, Mass Adepts 

Get SALT Encoding   

  12  0:01  Probe (Chrono Boost)  
  13  0:17  Pylon  
  13  0:18  Probe (Chrono Boost)  
  14  0:28  Probe (Chrono Boost)  
  15  0:39  Probe (Chrono Boost)  
  16  0:43  Gateway  
  17  0:50  Probe (Chrono Boost)  
  17  1:11  Nexus  
  17  1:14  Probe (Chrono Boost)  
  18  1:21  Pylon  
  18  1:25  Probe (Chrono Boost)  
  19  1:33  Assimilator  
  19  1:35  Probe (Chrono Boost)  
  20  1:42  Cybernetics Core  
  20  2:01  Assimilator  
  20  2:02  Probe (Chrono Boost)  
  20  2:04  Pylon  
  21  2:11  Gateway  
  21  2:12  Probe (Chrono Boost)  
  22  2:18  Warp Gate (Chrono Boost)  
  22  2:24  Probe  
  22  2:26  Probe  
  24  2:37  Probe  
  25  2:38  Probe  
  26  2:49  Gateway  
  26  2:51  Probe, Mothership Core  
  29  3:01  Adept  
  29  3:04  Adept  
  29  3:05  Probe  
  34  3:18  Probe  
  34  3:19  Probe  
  36  3:32  Adept  
  36  3:33  Adept  
  40  3:36  Adept  
  40  3:41  Pylon, Probe x2  
  42  3:44  Assimilator  
  44  3:52  Probe  
  44  3:54  Probe  
  46  4:02  Probe  
  46  4:06  Probe  
  48  4:13  Probe  
  49  4:17  Stargate  
  49  4:19  Probe  
  49  4:20  Twilight Council  
  49  4:22  Pylon  
  50  4:27  Adept x3  
  56  4:42  Probe  
  57  4:50  Adept  
  57  4:51  Adept x2  
  63  5:03  Probe  
  63  5:12  Robotics Facility  
  63  5:15  Phoenix  
  63  5:20  Probe  
  63  5:21  Probe  
  63  5:30  Forge  
  63  5:31  Probe  
  63  5:32  Probe  
  65  5:40  Phoenix  
  67  5:44  Probe x2  
  67  5:56  Probe  
  65  6:06  Zealot  
  67  6:11  Photon Cannon  
  67  6:14  Pylon  
  67  6:15  Pylon  
  67  6:22  Photon Cannon  
Show
View Real Time Build Order
Export as new Build Order

BullDozer Protoss - Winner!

Build Orders: 1 Gate Expand, Dark Templar Rush 

Get SALT Encoding   

  12  0:01  Probe (Chrono Boost)  
  13  0:11  Probe (Chrono Boost)  
  14  0:22  Probe (Chrono Boost)  
  14  0:24  Pylon  
  16  0:42  Probe (Chrono Boost)  
  16  0:45  Gateway  
  16  0:47  Assimilator  
  16  0:53  Probe (Chrono Boost)  
  17  0:57  Assimilator  
  17  1:03  Probe (Chrono Boost)  
  18  1:14  Probe (Chrono Boost)  
  19  1:32  Nexus  
  19  1:42  Cybernetics Core  
  19  1:50  Pylon  
  18  1:55  Probe (Chrono Boost)  
  19  2:05  Probe (Chrono Boost)  
  20  2:19  Twilight Council  
  22  2:23  Mothership Core (Chrono Boost)  
  22  2:25  Stalker  
  24  2:44  Probe (Chrono Boost)  
  24  2:46  Warp Gate (Chrono Boost)  
  25  2:55  Probe (Chrono Boost)  
  27  3:05  Probe (Chrono Boost)  
  27  3:12  Dark Shrine  
  27  3:15  Probe (Chrono Boost)  
  27  3:17  Probe (Chrono Boost)  
  27  3:18  Pylon  
  29  3:25  Probe (Chrono Boost)  
  30  3:27  Probe (Chrono Boost)  
  30  3:30  Gateway  
  31  3:36  Probe (Chrono Boost)  
  31  3:38  Probe (Chrono Boost)  
  33  3:44  Gateway  
  33  3:56  Gateway  
  33  4:00  Probe  
  34  4:11  Probe  
  34  4:15  Pylon  
  34  4:49  Pylon  
  34  4:52  Dark Templar x3  
  40  5:07  Pylon  
  40  5:26  Dark Templar x2  
  44  6:07  Pylon  
  44  6:26  Dark Templar x3  
  44  6:29  Pylon  
Tags
 
Composition
Mass Adepts
League
Silver
Matchup
PvP
Replay Pack
All Mines
Spawn Locations
Cross Positions
Add a new tag
Caveats
  • Supply blocks, unpowered buildings, or Contaminate may cause inaccurate times.
  • Supply counts are checked every 10 seconds.